 Dungeon Crawl Stone Soup version 0.16.1-51-g6203257 (webtiles) character file.

26 MKayhty the Insei (level 3, 0/23 HPs)
             Began as an Octopode Transmuter on July 15, 2015.
             Slain by a worker ant (3 damage)
             ... on level 4 of the Dungeon.
             The game lasted 00:07:28 (1410 turns).

MKayhty the Insei (Octopode Transmuter)             Turns: 1410, Time: 00:07:28

Health: 0/23       AC:  1    Str:  9    XL:     3   Next: 8%
Magic:  6/6        EV: 12    Int: 16    God:
Gold:   59         SH:  0    Dex: 12    Spells: 1 memorised, 5 levels left

rFire  . . .     SeeInvis .       - Unarmed
rCold  . . .     Clarity  .     (no shield)
rNeg   . . .     SustAb   .     (helmet restricted)
rPois  .         Gourm    .     (no amulet)
rElec  .         Spirit   .     (no ring)
rCorr  .         Warding  .     (no ring)
rMut   .         Stasis   .     (no ring)
MR     .....                    (no ring)
Stlth  ++........               (no ring)
                                (no ring)
                                (no ring)
                                (no ring)

@: lethally poisoned (0 -> -9), not resistant to hostile enchantments,
unstealthy
A: almost no armour, amphibious, 8 rings, constrict 8, camouflage 1, gelatinous
body 1
a: no special abilities


You were on level 4 of the Dungeon.
You were not hungry.

You visited 1 branch of the dungeon, and saw 4 of its levels.

You collected 59 gold pieces.

Inventory:

Missiles
 b - 12 arrows
Scrolls
 c - a scroll of fog {unknown}
 d - 3 scrolls of magic mapping {unknown}
 e - a scroll of amnesia {unknown}
Potions
 a - 2 potions of curing
Comestibles
 f - a beef jerky


   Skills:
 + Level 1.1 Fighting
 + Level 2.2 Dodging
 + Level 0.4 Stealth
 + Level 3.6 Unarmed Combat
 + Level 2.2 Spellcasting
 + Level 2.1 Transmutations


You had 5 spell levels left.
You knew the following spells:

 Your Spells              Type           Power        Failure   Level  Hunger
a - Beastly Appendage     Trmt           #.....       10%         1    #......


Dungeon Overview and Level Annotations

Branches:
Dungeon (4/15)
 Temple: D:4-7

Altars:
Fedhas
Kikubaaqudgha
Xom
Zin


Innate Abilities, Weirdness & Mutations

You cannot wear most types of armour.
You are amphibious.
You can wear up to eight rings at the same time.
You can use your tentacles to constrict many enemies at once.
Your skin changes colour to match your surroundings (Stealth).
Your rubbery body absorbs attacks (AC +1).


Message History

You constrict the worker ant, but do no damage.
* * * LOW HITPOINT WARNING * * *
You feel sick. The worker ant barely misses you. The rat closely misses you.
You tentacle-slap the worker ant.
The worker ant is lightly wounded.
You constrict the worker ant.
* * * LOW HITPOINT WARNING * * *
You feel sick.
The worker ant bites you but does no damage.
The rat bites you but does no damage.
You tentacle-slap the worker ant.
The worker ant is moderately wounded.
You constrict the worker ant, but do no damage.
* * * LOW HITPOINT WARNING * * *
You feel sick. The worker ant barely misses you. The rat misses you.
You tentacle-slap the worker ant.
The worker ant is moderately wounded.
You constrict the worker ant. The worker ant misses you.
The rat completely misses you. The worker ant bites you.
You die...

#....###...# #..
#.........# ## #..
.#####.........##.##...
.......................#
..........(........_. ..
.................#####
..................#...#
.........r........#...#
........@a...?)...#...#
..##..............####
#...<.............._.
#.##......).......... #
##...............
#.......#..#..#
#..........#..
........... ...


You could see a worker ant and a rat.

Vanquished Creatures
  A worm (D:1)
  A bat (D:1)
  4 hobgoblins
  3 giant newts
  5 goblins
  4 kobolds (D:1)
  A rat (D:2)
19 creatures vanquished.

Notes
Turn   | Place    | Note
--------------------------------------------------------------
     0 | D:1      | MKayhty, the Octopode Transmuter, began the quest for the Orb.
     0 | D:1      | Reached XP level 1. HP: 13/13 MP: 3/3
   278 | D:1      | Reached XP level 2. HP: 5/18 MP: 4/4
  1139 | D:2      | Reached XP level 3. HP: 23/23 MP: 6/6
  1145 | D:2      | Found a blossoming altar of Fedhas.
  1147 | D:2      | Found an ancient bone altar of Kikubaaqudgha.
  1389 | D:4      | Found a shimmering altar of Xom.
  1391 | D:4      | Noticed an angel
  1393 | D:4      | Found a glowing silver altar of Zin.
  1410 | D:4      | Slain by a worker ant

Action                   || total
-------------------------++-------
Melee: Unarmed           ||    49
  Use: Potion            ||     3
 Stab: Sleeping          ||     1
  Eat: Bread ration      ||     1
